[Event "14th BPB Limburg Open 2022"]
[Site "Maastricht"]
[Date "2022.06.06"]
[Round "7.5"]
[White "Pauly, Carlo"]
[Black "Ondersteijn, Niels"]
[Result "0-1"]
[ECO "E94"]
[WhiteElo "2297"]
[BlackElo "2376"]
[Annotator "TA"]
[PlyCount "92"]
[EventDate "2022.06.03"]
[EventType "swiss"]
[EventCountry "NED"]
[SourceTitle "playchess.com"]
[Source "ChessBase"]
[SourceQuality "1"]
[TimeControl "7200+15"]

1. d4 d6 2. Nf3 Nf6 3. c4 g6 4. Nc3 Bg7 5. e4 O-O 6. Be2 Nbd7 7. O-O e5 8. Be3 Qe7 9. d5 c5 $1 {[%emt 0:02:53][%mdl 4] outshines the older 9...Ng4. E94: King's Indian: Classical: 6 Be2 e5 7 0-0: Various Black 7th moves.} (9... Ng4 $14) 10. Ne1 Kh8 (10... Ne8 $14 {deserves consideration.}) 11. Nd3 Ng8 {[%emt 0:00:52] White is better.} 12. Qd2 f5 13. exf5 gxf5 {[%emt 0:00:13] Hoping for ...f4.} 14. f4 e4 15. Nf2 Ndf6 {[%emt 0:04:36] [#]} 16. a3 $146 ({Predecessor:} 16. h3 h5 17. g3 Qf7 18. Kh2 Ne7 19. Rg1 Bd7 20. a4 Rg8 21. Rg2 Bh6 22. Rh1 {1-0 (39) Menezes,C (2411)-Jankovic,A (2579) Austria 2017}) 16... b6 17. b4 h5 18. h3 Nh6 19. bxc5 bxc5 20. Rfb1 Rg8 21. Ra2 Kh7 22. Bd1 (22. Nfd1 $14) 22... Bh8 23. Nh1 {[%emt 0:03:38] [#]} (23. Ba4 $11 {remains equal.}) 23... Nd7 $1 $17 24. Rc1 (24. Bxh5 $2 Nb6 25. Qc1 Nxc4 $19) (24. Qc1 $17 {only move.}) 24... Rb8 (24... Ba6 $19 25. Nb5 Bxb5 26. cxb5 Qh4) 25. Qf2 (25. Kh2 $17 {was called for.}) 25... Ba6 $19 26. Nb5 Bxb5 27. cxb5 Nf6 28. Rd2 Rxb5 29. Qh4 $2 (29. Ng3 $17 {was worth a try.}) 29... Qf7 30. Ng3 Nxd5 31. Bxh5 {[%emt 0:06:49] [#]} Qf6 ({Black should play} 31... Qe6 $1 $19 32. Nf1 Rb3) 32. Qxf6 $15 Nxf6 {[%emt 0:01:08][%cal Bd5f6,Bf6h5,Bh5f4][%mdl 32] Chess con chili. Pair of Knights!} 33. Be2 {[%emt 0:00:13] [#]} Rxg3 $1 34. Bxb5 {[%emt 0:00:11] Threatens to win with Kf2.} Rxe3 35. Rxd6 Nh5 36. Rxc5 Nxf4 37. Rc7+ Bg7 38. Rxa7 Rg3 39. Bf1 e3 {[%emt 0:03:23] aiming for ...Rg5.} 40. Kh2 $2 ({Avoid the trap} 40. Re7 $2 Ng8 41. Rb7 Rg5 $19) (40. a4 $15) 40... e2 $19 41. Bxe2 Rxg2+ ({Stronger than} 41... Nxe2 42. Re7 $11 (42. Re6 Rxg2+ 43. Kxg2 Nf4+ 44. Kf1 Nxe6 $17)) 42. Kh1 Rxe2 43. Rdd7 Nh5 {[%emt 0:00:20] ( -> ...f4)} 44. a4 f4 {[%emt 0:00:54] Black mates.} 45. Rd3 Nf5 46. Kg1 Ne3 {[%emt 0:00:19] Weighted Error Value: White=0.79/Black=0.24 (precise)} (46... Nhg3 $142 47. h4 Nxh4 48. Rxg3 fxg3 49. Kf1 Rf2+ 50. Ke1 Nf3+ 51. Kd1 g2 52. Rxg7+ Kxg7 53. Kc1 g1=Q#) 0-1

[Event "14th BPB Limburg Open 2022"]
[Site "Maastricht"]
[Date "2022.06.06"]
[Round "7.6"]
[White "Van Meegen, Ruud"]
[Black "Fischer, Daniel"]
[Result "1/2-1/2"]
[ECO "D02"]
[WhiteElo "2275"]
[BlackElo "2367"]
[Annotator "TA"]
[PlyCount "112"]
[EventDate "2022.06.03"]
[EventType "swiss"]
[EventCountry "NED"]
[SourceTitle "playchess.com"]
[Source "ChessBase"]
[SourceQuality "1"]
[TimeControl "7200+15"]

1. Nf3 d5 2. g3 Nd7 3. d4 Nb6 4. Bg2 Bf5 5. O-O e6 6. b3 {[%emt 0:03:37] D02: 1 d4 d5 2 Nf3 sidelines, including 2...Nf6 3 g3 and 2...Nf6 3 Bf4.} (6. Ne5 {feels hotter.} Bd6 7. Nc3 Nf6 8. f3) 6... Nf6 7. Bb2 c6 8. Nbd2 a5 9. Ne5 Be7 ({Better is} 9... h5 $11) 10. c4 (10. f3 $14) 10... O-O {[%emt 0:01:43] [#]} 11. Rc1 $146 ({Predecessor:} 11. a3 h6 12. Rc1 Nfd7 13. Ndf3 Be4 14. Nxd7 Nxd7 15. Nd2 Bxg2 16. Kxg2 f5 17. e3 {0-1 (42) Praggnanandhaa,R (2608)-Maghsoodloo,P (2698) Chess.com INT 2021}) 11... a4 12. c5 Nbd7 13. b4 a3 14. Ba1 Qc7 15. Re1 Rfc8 (15... Rfb8 $11 {might be stronger.}) 16. Qb3 (16. f3 $5 ) 16... b6 17. Qc3 bxc5 18. bxc5 Nxe5 19. dxe5 Nd7 20. e4 Bg6 21. Qd4 ({Of course not} 21. exd5 cxd5 22. Nb3 (22. c6 Nc5 $17) 22... Nxc5 $17) 21... Qa7 22. Nb3 Rab8 23. exd5 cxd5 24. c6 Nb6 25. Bf1 Rc7 26. Qe3 Nc8 (26... Qa8 $1 $15) 27. Bd4 $132 {[%emt 0:00:09][%mdl 2048] White is fighting back} Qa8 28. Nc5 $1 ({Not} 28. Qc3 $2 Bb4 29. Qe3 Bxe1 30. Qxe1 Rxc6 31. Rxc6 Qxc6 $19) 28... Rxc6 (28... Rb2 $5) 29. Rc3 $1 Qa5 (29... Bxc5 $11 {and Black stays safe.} 30. Bxc5 Rc7) 30. Rxa3 $2 (30. Nd7 $18 Rxc3 31. Bxc3) 30... Qd8 $1 $14 31. Rb3 Rcb6 32. Rxb6 (32. Na6 $14 Rxb3 33. axb3) 32... Nxb6 $11 33. Na6 Rb7 34. Qb3 {[%emt 0:00:00] [#] Against Nc4. aiming for Rc1.} Qc8 {[%emt 0:00:00] Against Rc1} 35. Bb5 (35. Bxb6 Qc6) 35... Nc4 (35... Bc2 $5 36. Qc3 Qxc3 37. Bxc3 Na4 38. Bxa4 Bxa4 $17) 36. a4 Nd2 37. Qe3 Qc2 {[%emt 0:00:00] Threatens to win with ...Be4.} ({Much weaker is} 37... Nc4 $6 38. Rc1 $11) 38. Bc3 Nb3 (38... Nc4 $17 39. Qd4 Bf8) 39. Re2 Qd1+ 40. Re1 Qg4 {[%emt 0:00:00] [#]} (40... Qc2 $11 {keeps the balance.}) 41. Bc6 $1 $16 d4 42. Bxd4 Nxd4 43. Bxb7 Nc2 44. Qe2 Qxa4 45. Rd1 Nd4 $2 (45... h5 $16 {keeps fighting.}) 46. Qd2 $2 (46. Qg4 $18 Qb5 47. Qxd4 Qxb7 {[#]} 48. Qd8+ $3 Bf8 49. Nc5) 46... Bh5 {[%emt 0:00:00][%cal Bg6h5,Bh5d1,Bd1a4,Ba4b5][%mdl 32] [#]} 47. Qxd4 Qxd1+ {[%emt 0:00:00] The position is equal.} (47... Bxd1 48. Qxa4) 48. Qxd1 Bxd1 $14 {[%emt 0:00:00][%mdl 4096] Endgame KBB-KBN} 49. Nc7 Bc5 50. Kg2 Ba4 51. f4 Bb6 {[%emt 0:00:00] A strong pair of Bishops.} 52. Na6 Bb5 53. Nb4 Bc5 54. Nc2 Be2 55. Be4 h6 56. h4 Kf8 {[%emt 0:00:42] Weighted Error Value: White=0.30/Black=0.28 (precise)} 1/2-1/2

[Event "14th BPB Limburg Open 2022"]
[Site "Maastricht"]
[Date "2022.06.06"]
[Round "7.7"]
[White "Gurevich, Mikhail"]
[Black "Van Cappellen, Jonas"]
[Result "1-0"]
[ECO "A28"]
[WhiteElo "2573"]
[BlackElo "2208"]
[Annotator "TA"]
[PlyCount "83"]
[EventDate "2022.06.03"]
[EventType "swiss"]
[EventCountry "NED"]
[SourceTitle "playchess.com"]
[Source "ChessBase"]
[SourceQuality "1"]
[TimeControl "7200+15"]

1. c4 e5 2. Nc3 Nf6 3. Nf3 Nc6 4. a3 d5 5. cxd5 Nxd5 6. Qc2 Be7 7. e3 Nxc3 {[%emt 0:06:37] A28: English Opening: Four Knights Variation.} 8. bxc3 O-O 9. d4 Bf6 {[%emt 0:03:11] White has an edge.} 10. Bd3 {[%emt 0:04:07] [#]} h6 $146 ({Predecessor:} 10... g6 11. O-O a6 12. Be4 Re8 13. Bb2 exd4 14. cxd4 Bd7 15. Rfd1 Qe7 16. Bxc6 Bxc6 {1-0 (47) Suba,M (2418)-Kolbak,J (2273) Kamena Vourla 2012}) 11. O-O Re8 12. Rb1 g6 13. Nd2 Bg7 14. a4 b6 15. Ba3 Bb7 16. Rfd1 (16. Nb3 {looks sharper.} Qh4 17. Bb5 Nxd4 18. exd4 Bxg2 19. f3) 16... Qd7 17. Bb5 (17. d5 $5 Na5 18. e4 $14) 17... a6 18. Bf1 (18. Bc4 {with more complications.} Na5 19. Ba2 exd4 20. cxd4 Qc6 21. Qxc6 Bxc6 22. Rdc1) 18... Rad8 19. Nf3 Qe6 $1 20. Bb2 Re7 21. Ba1 Red7 22. Re1 Qd6 23. Nd2 Na5 24. Nf3 Nc6 (24... Bxf3 $5 25. gxf3 c5 $11) 25. Qc1 Kh7 (25... exd4 $11 26. cxd4 Re7) 26. c4 $1 $14 exd4 27. c5 $1 Qd5 28. exd4 Na5 {[%emt 0:09:19] [#] Inhibits Bc4.} (28... Nxd4 $2 29. Bxd4 Bxd4 30. Nxd4 Qxd4 31. c6 $18) (28... Re7 $14) 29. Bc3 ({Don't play} 29. cxb6 Nb3 30. Qc3 (30. Rxb3 Qxb3 31. d5 cxb6 $17) 30... Nxa1 $14) ({White should try} 29. Ne5 $1 $16) 29... Bc6 (29... Nb3 $2 30. Qc2 $18) (29... Qf5 $14) 30. cxb6 $18 ({Not} 30. Bxa6 Nb3 31. Qc2 Bxa4 $11) 30... cxb6 31. Rxb6 Nc4 32. Rxa6 Bb7 33. Ra7 Rc8 34. Qf4 Nd6 (34... Bc6 {is a better defense.} 35. Rxd7 Bxd7) 35. Bb4 Nf5 36. Ra5 $2 ({White should play} 36. Bc5 $18) 36... Qb3 $14 {[%emt 0:00:18] Threatens to win with ...Bxf3.} 37. Rxf5 Qxb4 (37... Bxf3 $14 38. Rb5 (38. gxf3 Qxb4 39. Re4 Qb1 $17) 38... Bc6) 38. Rxf7 $18 Rxf7 39. Qxf7 Bxf3 40. Re7 Qxd4 {[%emt 0:00:05] White must now prevent ...Bd5.} 41. Qxf3 {[%emt 0:06:27] Strongly threatening a5.} Qxa4 {[%emt 0:00:05] [#]} (41... Rc5 42. g3 Rf5) 42. Rxg7+ $1 {[%emt 0:00:10][%mdl 512] Weighted Error Value: White=0.16 (very precise) /Black=0.47} 1-0

[Event "14th BPB Limburg Open 2022"]
[Site "Maastricht"]
[Date "2022.06.06"]
[Round "7.8"]
[White "Bentel, Robin"]
[Black "Ernst, Sipke"]
[Result "0-1"]
[ECO "D24"]
[WhiteElo "2218"]
[BlackElo "2547"]
[Annotator "TA"]
[PlyCount "64"]
[EventDate "2022.06.03"]
[EventType "swiss"]
[EventCountry "NED"]
[SourceTitle "playchess.com"]
[Source "ChessBase"]
[SourceQuality "1"]
[TimeControl "7200+15"]

1. d4 Nf6 2. c4 e6 3. Nf3 d5 4. Nc3 dxc4 5. e4 b5 6. e5 {[%emt 0:00:53] D24: Queen's Gambit Accepted: 3 Nf3 Nf6 4 Nc3.} Nd5 7. Nxb5 Nb6 8. Be2 {[%emt 0:01:17] White is slightly better.} Nc6 $1 {[%emt 0:00:15] The main line 8...Nc6 scores better than 8...Be7.} 9. O-O Bb7 10. Be3 Qd7 11. Nc3 Be7 {[%emt 0:02:33] [#]} 12. Qd2 $146 ({Predecessor:} 12. Rc1 g5 13. Bxg5 Rg8 14. Bxe7 Nxe7 15. Ne1 O-O-O 16. Bf3 Qxd4 17. Bxb7+ Kxb7 18. Qf3+ {0-1 (57) Radjabov,T (2765)-Firouzja,A (2759) Paris 2021}) 12... O-O 13. Rad1 Rfd8 14. h4 Nb4 15. Ng5 Rab8 16. a3 N4d5 17. Qc2 g6 18. Bc1 Nxc3 19. Qxc3 Bd5 20. h5 h6 (20... Na4 $11 {keeps the balance.} 21. Qh3 Bxg5 22. Bxg5 Nxb2) 21. Nh3 $1 $16 g5 22. f4 $1 g4 23. Bxg4 (23. Nf2 $1 $16 ) 23... Na4 24. Qg3 {[%emt 0:00:14] Strongly threatening Bxe6+.} Rb3 {[%emt 0:00:42] [#]} 25. Be3 (25. Rf3 $1 $16 {[%mdl 512] Black must now prevent Bxe6+.} Kh8 (25... Rxf3 26. Bxf3+) 26. Rxb3 cxb3 27. f5 exf5 28. Bf3) 25... Kh8 $14 26. f5 exf5 (26... Nxb2 $2 27. fxe6 fxe6 28. Rf7 $1 $18 (28. Qf4 Bf8 $16)) (26... Rg8 $1 $14 27. fxe6 Bxe6 28. Bxe6 Qxe6) 27. Bxf5 $16 Qc6 {[%emt 0:01:14] Threatens to win with ...Rg8.} 28. e6 $2 {[%emt 0:19:19] [#]} (28. Nf4 $16 {[%cal Oe5e6] aiming for e6!} Rxb2 29. Qh3 (29. Nxd5 Qxd5 30. Bg4 Rb3 $11)) 28... Rg8 $1 $36 {[%emt 0:11:42][%mdl 2048] White is under pressure.} 29. Bg6 {[%emt 0:04:05] Now White is beyond hope.} Qxe6 $19 {[%emt 0:04:41] Chess con chili.} (29... fxg6 {gets mated.} 30. Qe5+) 30. Rxf7 (30. Nf4 Qd6 31. Nxd5 Qxd5 32. Qxc7 (32. Qf4 $2 Bg5 $19)) 30... Qxf7 {[%emt 0:02:09] Black is clearly winning.} (30... Qxe3+ 31. Qxe3 Rxg6 32. Qe5+ Kg8 33. hxg6 Bxf7 34. Qxe7 Bxg6 35. Rf1) 31. Bxf7 Rxg3 32. Bxd5 Rbxe3 {[%emt 0:00:37] Weighted Error Value: White=0.43/Black=0.12 (very precise)} 0-1

[Event "14th BPB Limburg Open 2022"]
[Site "Maastricht"]
[Date "2022.06.06"]
[Round "7.9"]
[White "Sankalp Gupta"]
[Black "Strating, Sybolt"]
[Result "1-0"]
[ECO "B17"]
[WhiteElo "2505"]
[BlackElo "2295"]
[Annotator "TA"]
[PlyCount "55"]
[EventDate "2022.06.03"]
[EventType "swiss"]
[EventCountry "NED"]
[SourceTitle "playchess.com"]
[Source "ChessBase"]
[SourceQuality "1"]
[TimeControl "7200+15"]

1. e4 c6 2. d4 d5 3. Nd2 dxe4 4. Nxe4 Nd7 5. Ng5 Ngf6 6. Bd3 e6 7. N1f3 Bd6 8. Qe2 h6 9. Ne4 Nxe4 10. Qxe4 Qc7 11. O-O b6 12. Qg4 {[%emt 0:02:30] B17: Caro-Kann: Modern Line (4...Nd7).} Kf8 13. b3 g5 {[%emt 0:10:43] [#]} (13... Nf6 $11 {remains equal.} 14. Qh4 Bb7) 14. Qh3 $1 $16 {[%emt 0:07:41] White is better.} Kg7 15. Bb2 Nf6 16. Ne5 {[%emt 0:00:48] Inhibits g4.} Nd5 17. g3 $36 {[%emt 0:07:16][%mdl 2048] [#] Prevents Nf4. Threatens to win with f4. White is really pushing. White is more active.} Bxe5 $146 ({Predecessor:} 17... h5 18. Rae1 f6 19. f4 fxe5 20. fxg5 Bd7 21. dxe5 Bc5+ 22. Kh1 Raf8 23. Rf6 Qc8 {0-1 (40) Durarbayli,V (2456)-Shreyansh,D (2236) Kemer 2009}) 18. dxe5 {[%emt 0:06:29] Strongly threatening f4.} Bb7 (18... c5 $16) 19. f4 $18 gxf4 20. Be4 {[%emt 0:00:07] [#] And now c4 would win. A strong pair of Bishops.} fxg3 $2 {[%emt 0:01:25][%mdl 8192] This move loses the game for Black.} (20... c5 $16) 21. c4 {[%emt 0:10:15] White is clearly winning.} gxh2+ 22. Kxh2 f5 23. Rg1+ Kf8 24. cxd5 cxd5 25. Ba3+ Ke8 26. Qh5+ Qf7 27. Bf3 {[%emt 0:00:10] White wants to mate with Qxf7+.} Rh7 28. Qxf7+ {[%emt 0:00:26] Weighted Error Value: White=0.05 (flawless) /Black=0.56} 1-0

[Event "14th BPB Limburg Open 2022"]
[Site "Maastricht"]
[Date "2022.06.06"]
[Round "7.10"]
[White "De Jong, Tom"]
[Black "Roebers, Eline"]
[Result "1/2-1/2"]
[ECO "B22"]
[WhiteElo "2174"]
[BlackElo "2369"]
[Annotator "TA"]
[PlyCount "51"]
[EventDate "2022.06.03"]
[EventType "swiss"]
[EventCountry "NED"]
[SourceTitle "playchess.com"]
[Source "ChessBase"]
[SourceQuality "1"]
[TimeControl "7200+15"]

1. e4 c5 2. c3 Nf6 3. e5 Nd5 4. Nf3 e6 5. d4 cxd4 6. cxd4 d6 7. Bc4 Be7 8. O-O {[%emt 0:00:07] B22: Sicilian: 2 c3.} O-O 9. Qe2 b6 10. Rd1 {[%emt 0:01:54] The position is equal.} Bb7 11. Bxd5 exd5 12. Nc3 Na6 13. Bf4 dxe5 {[%emt 0:05:54] [#]} 14. Bxe5 $146 ({Predecessor:} 14. dxe5 Qd7 15. a3 Nc5 16. Nd4 Ne6 17. Be3 Rad8 18. Qg4 Bc5 19. b4 Bxd4 20. Bxd4 {½-½ (34) Cziko,E (2447)-Sneppe,H (2436) ICCF email 2020}) 14... Nc7 15. Rac1 {[%emt 0:07:20] [#] Bxc7 is the strong threat.} Ne6 16. h3 Re8 17. Qd3 a6 18. Na4 f6 19. Bg3 Bd6 20. Bxd6 Qxd6 21. Qa3 Rad8 22. Qxd6 Rxd6 23. Rc3 Rc8 24. Rdc1 Rc4 25. b3 Rxc3 26. Rxc3 {[%emt 0:00:13] Weighted Error Value: White=0.07 (flawless) /Black=0.04 (flawless)} 1/2-1/2

[Event "14th BPB Limburg Open 2022"]
[Site "Maastricht"]
[Date "2022.06.06"]
[Round "7.11"]
[White "Keetman, Maaike"]
[Black "Lenaerts, Lennert"]
[Result "0-1"]
[ECO "C77"]
[WhiteElo "2160"]
[BlackElo "2362"]
[Annotator "TA"]
[PlyCount "66"]
[EventDate "2022.06.03"]
[EventType "swiss"]
[EventCountry "NED"]
[SourceTitle "playchess.com"]
[Source "ChessBase"]
[SourceQuality "1"]
[TimeControl "7200+15"]

1. e4 e5 2. Nf3 Nc6 3. Bb5 a6 4. Ba4 Nf6 5. d3 b5 6. Bb3 Bc5 7. c3 {[%emt 0:00:15] now scores much better than the old 7.0-0.} d6 8. Bg5 {[%emt 0:00:00] C77: Ruy Lopez: 3...a6 4 Ba4 Nf6, unusual lines.} h6 9. Bh4 Be6 {[%emt 0:00:00] [#]} 10. a4 $146 {[%emt 0:00:00] White has an edge.} ({Predecessor:} 10. d4 Bxb3 11. axb3 exd4 12. cxd4 Bb4+ 13. Nbd2 O-O 14. O-O Bxd2 15. Qxd2 Nxe4 16. Qc2 {1-0 (32) Pichot,A (2625)-Kantor,G (2575) Warsaw 2021}) 10... g5 11. Bxe6 fxe6 12. Bg3 b4 13. a5 bxc3 14. bxc3 Ne7 (14... Nh5 $11) 15. Qa4+ (15. Nbd2 $14) 15... Qd7 $1 $11 16. Qc4 Ba7 17. h4 (17. Nbd2 $11 {keeps the balance.}) 17... g4 $17 18. Nh2 Rg8 {[%emt 0:00:00] Black is more active.} 19. O-O {[%emt 0:00:00] [#]} d5 (19... Nh5 $1 $17 20. Kh1 Nc6) 20. Qa4 (20. Qa2 $1 $15) 20... Nh5 $36 {[%emt 0:00:00][%mdl 2048] Black is in control.} 21. Kh1 (21. Bxe5 $17 {might work better.} Nc6 22. Bd4 Nxd4 23. cxd4) 21... Nxg3+ $19 22. fxg3 Qxa4 23. Rxa4 h5 24. Rf6 (24. Nd2 $142) 24... Rb8 25. Nd2 Rb2 26. Nhf1 Rg6 27. Rxg6 Nxg6 28. Rb4 $2 (28. Ra1) 28... Rxb4 {[%emt 0:00:00] Black is clearly winning.} 29. cxb4 Ne7 {[%emt 0:00:00] Threatens to win with ...Nc6.} 30. Nb3 Nc6 31. Nc5 Bxc5 32. bxc5 Nxa5 {[%emt 0:00:00] [#] Hoping for ...Nb3.} 33. Ne3 c6 {[%emt 0:00:00] Weighted Error Value: White=0.55/Black=0.09 (flawless)} 0-1

[Event "14th BPB Limburg Open 2022"]
[Site "Maastricht"]
[Date "2022.06.06"]
[Round "7.12"]
[White "Suvorov, Alexander"]
[Black "Baselmans, Luuk"]
[Result "1-0"]
[ECO "E11"]
[WhiteElo "2365"]
[BlackElo "2233"]
[Annotator "TA"]
[PlyCount "67"]
[EventDate "2022.06.03"]
[EventType "swiss"]
[EventCountry "NED"]
[SourceTitle "playchess.com"]
[Source "ChessBase"]
[SourceQuality "1"]
[TimeControl "7200+15"]

1. d4 e6 2. c4 Nf6 3. Nf3 Bb4+ 4. Bd2 a5 5. g3 d6 6. Bg2 Nc6 7. O-O Bxd2 8. Qxd2 O-O 9. Nc3 e5 {[%emt 0:00:21] E11: Bogo-Indian.} 10. dxe5 dxe5 11. Rfd1 {[%emt 0:05:47] [#]} Bg4 $146 {[%emt 0:08:44] Black is now going downhill. White is slightly better.} ({Predecessor:} 11... Be6 12. Qe3 Qc8 13. Nd5 Bxd5 14. cxd5 Nb4 15. Qxe5 Re8 16. Qg5 h6 17. Qd2 Nbxd5 {1-0 (57) Ghaem Maghami,E (2533)-Sangma,R (2298) New Delhi 2019}) 12. Qe3 Qe7 13. Nd5 Nxd5 14. cxd5 Bxf3 15. Qxf3 Nd4 16. Qd3 {[%emt 0:04:22] [#] e3 is the strong threat.} Rfd8 (16... g6 $16) 17. e3 $18 Nc6 18. Qb3 Nb4 19. a3 Na6 20. Qxb7 {[%emt 0:01:04][%cal Od5d6] [#] Hoping for d6!} Qd6 21. Qc6 Rab8 22. Qc3 a4 23. Rac1 Rb3 24. Qa5 {[%emt 0:02:17] And now Rc6 would win.} Rxb2 25. Qxa4 Ra2 (25... Rb6 $142 26. Bf1 h6) 26. Rc3 {[%emt 0:12:39] Black must now prevent Qb3.} Qf6 27. Rc2 {[%emt 0:01:20] Active counter play!} Rxc2 28. Qxc2 Qd6 29. Qc3 f5 (29... c6 {was called for.} 30. Bf3 c5) 30. Rc1 Kf8 31. Bf1 Ra8 (31... Nb8 $142 32. Qxc7 Qxc7 33. Rxc7 Nd7) 32. Qc6 {[%emt 0:03:55] White is clearly winning.} Ra7 33. Qa4 Qb6 34. Rc6 {[%emt 0:00:25] Weighted Error Value: White=0.04 (flawless) /Black=0.39} 1-0

[Event "14th BPB Limburg Open 2022"]
[Site "Maastricht"]
[Date "2022.06.06"]
[Round "7.13"]
[White "Kopylov, Daniel"]
[Black "Arndt, Stefan"]
[Result "1-0"]
[ECO "C95"]
[WhiteElo "2292"]
[BlackElo "2138"]
[Annotator "TA"]
[PlyCount "61"]
[EventDate "2022.06.03"]
[EventType "swiss"]
[EventCountry "NED"]
[SourceTitle "playchess.com"]
[Source "ChessBase"]
[SourceQuality "1"]
[TimeControl "7200+15"]

1. e4 e5 2. Nf3 Nc6 3. Bb5 a6 4. Ba4 Nf6 5. O-O Be7 6. Re1 b5 7. Bb3 d6 8. c3 O-O 9. h3 Nb8 10. d4 Nbd7 11. Nbd2 Bb7 12. Bc2 c5 13. d5 $1 {[%emt 0:02:39] 13.d5 scores better than 13.Nf1.} c4 {[%emt 0:01:05] C95: Closed Ruy Lopez: Breyer Variation with 10 d4.} 14. Nf1 Qc7 15. Ng3 g6 {[%emt 0:00:13] Prevents Nf5. The position is equal.} 16. Bh6 Rfb8 17. Qd2 a5 18. Nh4 b4 {[%emt 0:05:11] [#]} 19. Nhf5 $1 Bd8 {[%emt 0:08:29] [#]} 20. Ba4 $146 ({Predecessor:} 20. f4 Ba6 21. fxe5 Nxe5 22. Nd4 bxc3 23. bxc3 Rb2 24. Rf1 Rab8 25. Kh1 Bb5 26. Qf4 {0-1 (37) Hansen,E (2606)-Nasuta,G (2512) Chess.com INT 2021}) 20... Nc5 21. Bf8 Nxa4 $4 (21... gxf5 $2 {[#]} 22. Qh6 $1 Ne6 23. Nxf5 $1 $18) (21... Ne8 $1 $11 {and Black stays safe.} 22. Bxe8 Kxf8) 22. Bxd6 $18 {[%emt 0:02:55] White is clearly winning.} Qxd6 23. Nxd6 Ba6 24. Qh6 {[%emt 0:03:16][%cal Og3f5] Strongly threatening Ngf5!} Be7 {[%emt 0:00:42] [#]} 25. Ngf5 Bf8 {[%emt 0:00:28] Inhibits Qg7+.} 26. Qg5 Nd7 (26... Ne8 $142 27. Nxe8 Rxe8) 27. Re3 {[%emt 0:07:08] Threatens to win with Ne7+.} f6 28. Nh6+ Bxh6 29. Qxh6 {[%emt 0:00:14][%cal Od6f5] White threatens Nf5! and mate.} Ra7 30. Rg3 {[%emt 0:03:31][%cal Og3g6] White wants to mate with Rxg6+!} Ndc5 31. h4 {[%emt 0:02:10] Weighted Error Value: White=0.34/Black=0.41} 1-0

[Event "14th BPB Limburg Open 2022"]
[Site "Maastricht"]
[Date "2022.06.06"]
[Round "7.14"]
[White "Slagboom, Leandro"]
[Black "Van Foreest, Machteld"]
[Result "0-1"]
[ECO "A27"]
[WhiteElo "1997"]
[BlackElo "2287"]
[Annotator "TA"]
[PlyCount "42"]
[EventDate "2022.06.03"]
[EventType "swiss"]
[EventCountry "NED"]
[SourceTitle "playchess.com"]
[Source "ChessBase"]
[SourceQuality "1"]
[TimeControl "7200+15"]

1. c4 e5 2. Nc3 f5 3. Nf3 Nc6 4. d4 e4 5. d5 exf3 6. dxc6 fxg2 7. cxd7+ (7. Bxg2 {keeps more tension.} dxc6 8. Qxd8+ Kxd8 9. Bf4) 7... Qxd7 {[%emt 0:00:15] A27: English Opening: Three Knights Variation.} 8. Bxg2 Qxd1+ 9. Kxd1 c6 {[%emt 0:00:15] Against Nb5. The position is equal.} 10. b3 {[%emt 0:00:15] [#]} Be6 $146 ({Predecessor:} 10... Nf6 11. e3 Kf7 12. Bb2 Be6 13. Ke2 Bd6 14. Rad1 Rad8 15. Nb1 Ne4 16. Bxe4 fxe4 {1-0 (35) Dimitrov,R (2332)-Kovacevic,B (2482) Zadar 2007}) 11. e3 O-O-O+ 12. Ke2 Nf6 13. Bb2 Bd6 14. f4 (14. Rad1 $15) 14... Bf7 15. Bh3 (15. Rad1 $17) 15... Bh5+ $19 16. Kf2 (16. Kf1 $142 Bg4 17. Kg2) 16... g6 17. Kg3 $2 {[%emt 0:00:15] [#]} (17. Rhe1) 17... Rhe8 18. Rae1 Bb4 19. Kh4 Rd3 20. e4 (20. Nd5 $142 Nxd5 21. cxd5) 20... Be7 $2 {[%emt 0:00:15] [#]} (20... Bc5 {( -> ...Bf2+)} 21. Nd1 Bxd1 22. Bxf5+ Nd7 23. Bxd7+ Kxd7) 21. exf5 Nd7+ {[%emt 0:00:15] Weighted Error Value: White=0.76/Black=0.58} (21... Kd8 $19 22. Rxe7 (22. fxg6 {is a self mate.} Ne4+ 23. Kxh5 Rxh3+ 24. Kg4 Nf2+ 25. Kf5 Rf8+ 26. Ke6 Rf6+ 27. Ke5 Nd3+ 28. Kd4 Bc5+ 29. Ke4 Rxf4#) 22... Kxe7 23. Re1+ Kf7 24. Rxe8 Kxe8 25. fxg6 hxg6) 0-1